 Dungeon Crawl Stone Soup version 0.30-a0-187-gd9c2deaf24 (webtiles) character file.

Game seed: 3036149963321953196

580 Sobieck the Sneak (level 7, -2/40 HPs)
             Began as a Kobold Earth Elementalist on Oct 3, 2022.
             Was a Follower of Dithmenos.
             Slain by an ice beast (11 damage)
             ... on level 5 of the Dungeon.
             The game lasted 00:10:04 (5330 turns).

Sobieck the Sneak (Kobold Earth Elementalist)       Turns: 5330, Time: 00:10:04

Health: -2/40      AC:  4    Str:  5    XL:     7   Next: 63%
Magic:  6/11       EV: 15    Int: 17    God:    Dithmenos [*.....]
Gold:   192        SH:  0    Dex: 17    Spells: 5/11 levels left

rFire   . . .      SeeInvis .    b - +0 rapier (vorpal) {short}
rCold   . . .      Faith    .    (no shield)
rNeg    . . .      Spirit   .    k - +0 robe
rPois   .          Reflect  .    v - +1 helmet
rElec   .          Harm     .    F - scarf {shadows}
rCorr   .          Rampage  .    (no gloves)
Will    .....                    (no boots)
Stlth   ++++......               (no amulet)
HPRegen 0.26/turn                n - ring of flight
MPRegen 0.12/turn                (no ring)

@: flying, wreathed by umbra
A: small, no large weapons, nightstalker 3
a: Renounce Religion


You were on level 5 of the Dungeon.
You worshipped Dithmenos.
Dithmenos was aware of your devotion.
You visited 1 branch of the dungeon, and saw 5 of its levels.

You collected 192 gold pieces.


Innate Abilities, Weirdness & Mutations

You are small and have problems with some larger weapons.
You are completely attuned to the shadows.


   Skills:
 + Level 2.8 Fighting
 + Level 4.5 Short Blades
 + Level 3.2 Dodging
 + Level 4.7 Stealth
 + Level 2.8 Spellcasting
 + Level 2.6 Conjurations
 + Level 1.8 Transmutations
 + Level 4.3 Earth Magic


You had 5 spell levels left.
You knew the following spells:

 Your Spells              Type           Power      Damage    Failure   Level
a - Sandblast             Erth           34%        2d9       3%          1
b - Passwall              Tmut/Erth      10%        N/A       8%          2
c - Stone Arrow           Conj/Erth      28%        3d8       13%         3

Your spell library contained the following spells:

 Spells                   Type           Power      Damage    Failure   Level
 Petrify                  Tmut/Erth      12%        N/A       45%         4
 Gell's Gravitas          Tloc           2%         N/A       47%         3
 Summon Guardian Golem    Hex/Summ       2%         N/A       47%         3
 Teleport Other           Tloc           2%         N/A       47%         3
 Olgreb's Toxic Radiance  Pois           2%         N/A       87%         4
 Summon Ice Beast         Ice/Summ       2%         N/A       87%         4
 Irradiate                Conj/Tmut      5%         3d13      89%         5
 Borgnjor's Vile Clutch   Necr/Erth      4%         N/A       90%         5
 Alistair's Intoxication  Tmut/Pois      3%         N/A       98%         5
 Dispersal                Tloc           1%         N/A       100%        6
 Eringya's Noxious Bog    Tmut/Pois      2%         N/A       100%        6
 Ozocubu's Refrigeration  Ice            1%         4d7       100%        7
 Ignition                 Fire           1%         3d3       100%        8

Inventory:

Hand Weapons
 a - a +2 dagger of venom {short}
   (You took it off a goblin on level 1 of the Dungeon)
 b - a +0 vorpal rapier (weapon) {short}
   (You found it on level 4 of the Dungeon)
 e - a +0 dagger {short}
   (You took it off a kobold on level 1 of the Dungeon)
Missiles
 c - 75 stones {throwing}
 r - a throwing net {=f!fthrowing}
Armour
 g - a +0 ring mail
   (You found it on level 1 of the Dungeon)
 i - a +0 robe
   (You found it on level 1 of the Dungeon)
 j - a +0 cloak
   (You found it on level 4 of the Dungeon)
 k - a +0 robe (worn)
 p - a +0 pair of boots
   (You found it on level 4 of the Dungeon)
 v - a +1 helmet (worn)
   (You found it on level 2 of the Dungeon)
 x - a +0 leather armour
   (You took it off an orc on level 3 of the Dungeon)
 y - a +0 ring mail
   (You took it off an orc on level 3 of the Dungeon)
 z - a +0 ring mail
   (You found it on level 3 of the Dungeon)
 A - a +0 ring mail
   (You found it on level 3 of the Dungeon)
 B - a +0 leather armour
   (You took it off an orc on level 4 of the Dungeon)
 C - a +0 robe
   (You took it off an orc wizard on level 4 of the Dungeon)
 D - a +0 ring mail
   (You found it on level 4 of the Dungeon)
 E - a +0 chain mail
   (You found it on level 4 of the Dungeon)
 F - a scarf of shadows (worn)
   (You found it on level 4 of the Dungeon)
 H - a +0 robe
   (You found it on level 4 of the Dungeon)
Jewellery
 m - an amulet of faith {!P}
   (You found it on level 4 of the Dungeon)
 n - a ring of flight (left hand)
   (You found it on level 2 of the Dungeon)
Wands
 t - a wand of digging (7)
   (You found it on level 4 of the Dungeon)
Scrolls
 h - 2 scrolls of teleportation {@r4}
 o - a scroll of butterflies
 G - a scroll of poison {unknown}
Potions
 d - a potion of brilliance
 f - a potion of mutation {!q}
 q - a potion of resistance
 s - 3 potions of flight
 u - 3 potions of curing {@q1}
 w - a potion of magic

Dungeon Overview and Level Annotations

Branches:
Dungeon (5/15) Zot: 24595
 Temple: D:4-7

Altars:
Ashenzari
Dithmenos
Gozag
Okawaru
Qazlal
Ru
Xom

Shops:
D:2 :

Annotations:
D:3 2 transporters, mrtheplague's ghost, weakling MfTm

.....# .....#
.?...##
####..######....
............'....
.............Y#....
#......@Y......#....
#..............#....
#..............#....
#.....##########.>..
#.)<..#.............
#.....'.............
#.....#.............
#.....#.............
#.....#...........


You could see an ice beast.


Message History

Aiming: Sandblast (safe; 3% risk of failure)
Press: ? - help, Shift-Dir - straight line, f/p - white imp
Aim: a white imp (moderately wounded, 82% to hit)
The blast of sand misses the white imp.
The white imp hits you. The white imp freezes you.
* * * LOW HITPOINT WARNING * * *
The white imp gestures at you. The puff of frost hits you!
* * * LOW HITPOINT WARNING * * *
Unknown command.
Casting: Sandblast (safe; 3% risk of failure)
Confirm with . or Enter, or press ? or * to list all spells.
Okay, then.
Unknown command.
Casting: Sandblast (safe; 3% risk of failure)
Confirm with . or Enter, or press ? or * to list all spells.
Aiming: Stone Arrow (dangerous; 13% risk of failure)
Press: ? - help, Shift-Dir - straight line, f/p - white imp
Aim: a white imp (moderately wounded, 68% to hit)
The stone arrow hits the white imp!!
You kill the white imp!
Dithmenos accepts your kill.
Unknown command.
You hear the slow rusting of a very distant drain.
An ice beast comes into view.
Danger!
Unknown command.
The sentinel's mark upon you fades away.
There is an open door here.
The ice beast attacks as you move away! The ice beast closely misses you.
The ice beast attacks as you move away! The ice beast misses you.
Unknown command.
Casting: Stone Arrow (dangerous; 13% risk of failure)
Confirm with . or Enter, or press ? or * to list all spells.
Aiming: Stone Arrow (dangerous; 13% risk of failure)
Press: ? - help, Shift-Dir - straight line, f - ice beast
Aim: an ice beast (68% to hit)
The stone arrow hits the ice beast!
The ice beast barely misses you.
Casting: Stone Arrow (dangerous; 13% risk of failure)
Confirm with . or Enter, or press ? or * to list all spells.
Aiming: Sandblast (safe; 3% risk of failure)
Press: ? - help, Shift-Dir - straight line, f/p - ice beast
Aim: an ice beast (moderately wounded, 82% to hit)
The blast of sand hits the ice beast but does no damage.
The ice beast barely misses you.
Casting: Sandblast (safe; 3% risk of failure)
Confirm with . or Enter, or press ? or * to list all spells.
Aiming: Sandblast (safe; 3% risk of failure)
Press: ? - help, Shift-Dir - straight line, f/p - ice beast
Aim: an ice beast (moderately wounded, 82% to hit)
The blast of sand hits the ice beast but does no damage.
The ice beast hits you.
* * * LOW HITPOINT WARNING * * *
The ice beast freezes you!
* * * LOW HITPOINT WARNING * * *
The ice beast barely misses you.
Unknown command.
Unknown command.
As you read the scroll of fear, it crumbles to dust.
You assume a fearsome visage.
The ice beast looks frightened!
There is a stone staircase leading up here.
There is a stone staircase leading up here.
You fly upwards.
There is a stone staircase leading down here.
Unknown command.
Unknown command.
You start resting.
You start resting.
Unknown command.
You fly downwards.
You hear the sound of rushing water.
There is an entrance to a sewer on this level.
Hurry and find it before the portal rusts away!
You hear the rusting of a distant drain.
There is a stone staircase leading up here.
Unknown command.
Danger!
The blast of sand hits the ice beast but does no damage.
The ice beast barely misses you.
The blast of sand hits the ice beast!
The ice beast misses you.
Unknown command.
The blast of sand misses the ice beast.
The ice beast barely misses you. The ice beast misses you.
Unknown command.
The blast of sand hits the ice beast!
The ice beast hits you. The ice beast freezes you!
Unknown command.
You are too injured to fight recklessly!
Unknown command.
Casting: Sandblast (safe; 3% risk of failure)
Confirm with . or Enter, or press ? or * to list all spells.
Aiming: Sandblast (safe; 3% risk of failure)
Press: ? - help, Shift-Dir - straight line, f/p - ice beast
Aim: an ice beast (severely wounded, 82% to hit)
The blast of sand hits the ice beast.
The ice beast hits you. The ice beast freezes you!
* * * LOW HITPOINT WARNING * * *
The ice beast hits you.
* * * LOW HITPOINT WARNING * * *
The ice beast freezes you!
You die...

Skill      XL: |  1  2  3  4  5  6  7 |
---------------+----------------------+-----
Stealth        | 3 4 |  4.7
Short Blades   | 1 2 4 |  4.5
Fighting       | 1 2 |  2.8
Conjurations   | 1 2 |  2.6
Earth Magic    | 4 |  4.3
Dodging        | 3 |  3.2
Spellcasting   | |  2.8
Transmutations | |  1.8

Action                   |  1- 3 |  4- 6 |  7- 9 || total
-------------------------+-------+-------+-------++-------
Melee: Dagger            |     1 |    15 |       ||    16
       Rapier            |       |     8 |     8 ||    16
 Cast: Sandblast         |    34 |    99 |    20 ||   153
       Passwall          |       |     2 |       ||     2
       Stone Arrow       |       |       |     2 ||     2
  Use: Scroll            |       |    13 |     1 ||    14
 Stab: Sleeping          |       |     4 |     1 ||     5
Armor: Robe              |       |     8 |     4 ||    12
Dodge: Dodged            |     3 |    54 |    43 ||   100

Levels and vault maps discovered:
D:1:      roderic_octagonal_star, layout_basic, minmay_tromino_mix6
D:2:      layout_rooms, serial_shops, nicolae_diamond_shop, st_stairs_12,
          kennysheep_generic_room_3
D:3:      layout_loops_corners, okawaru_altar_gauntlet_db, lemuel_doored_altar,
          nicolae_dithmenos_shadow_blocks, gammafunk_ghost_smash, minivault_26,
          minmay_misc_feat_nine_boxes, kennysheep_generic_room_11
D:4:      layout_gridville, lemuel_tele_altar,
          mainiacjoe_overflow_small_starburst, mainiacjoe_overflow_chevrons,
          lemuel_round_altar
D:5:      layout_gridville, portal_sewer_entry_b, nicolae_shop_firing_range

Notes
Turn   | Place    | Note
-------+----------+-------------------------------------------
     0 | D:1      | Sobieck the Kobold Earth Elementalist began the quest for
                  | the Orb.
     0 | D:1      | Reached XP level 1. HP: 10/10 MP: 3/3
   414 | D:1      | Reached skill level 3 in Stealth
   414 | D:1      | Reached XP level 2. HP: 12/16 MP: 1/5
   417 | D:1      | Learned a level 2 spell: Passwall
   599 | D:1      | Reached skill level 1 in Short Blades
   815 | D:1      | Reached XP level 3. HP: 20/20 MP: 4/6
   941 | D:1      | You add the spells Olgreb's Toxic Radiance, Ozocubu's
                  | Refrigeration and Ignition to your library.
   999 | D:2      | Reached skill level 1 in Fighting
  1044 | D:2      | You add the spells Gell's Gravitas, Teleport Other and
                  | Dispersal to your library.
  1256 | D:2      | Reached skill level 1 in Conjurations
  1307 | D:2      | Found Roci Sid's Book Boutique.
  1371 | D:2      | Reached XP level 4. HP: 25/25 MP: 5/7
  1448 | D:2      | Reached skill level 2 in Short Blades
  1807 | D:3      | Found a shadowy altar of Dithmenos.
  1976 | D:3      | Became a worshipper of Dithmenos the Shadowed
  2298 | D:3      | Found a shimmering altar of Xom.
  2309 | D:3      | Found a transporter.
  2312 | D:3      | Found a transporter.
  2314 | D:3      | Noticed mrtheplague's ghost (weakling MfTm)
  2314 | D:3      | Noticed an ogre
  2315 | D:3      | Identified the +3 great mace "Toff" {holy, Str+5 Dex+2}
  2315 | D:3      | Noticed an ogre
  2343 | D:3      | Reached skill level 2 in Fighting
  2343 | D:3      | Reached skill level 4 in Stealth
  2343 | D:3      | Reached XP level 5. HP: 27/30 MP: 3/8
  2423 | D:3      | Learned a level 3 spell: Stone Arrow
  3209 | D:3      | Reached skill level 2 in Conjurations
  3280 | D:3      | Found an iron altar of Okawaru.
  3436 | D:4      | Identified a scroll of acquirement
  3436 | D:4      | Acquired the Parchment of Called Confrontation
  3437 | D:4      | You add the spells Summon Guardian Golem, Summon Ice Beast
                  | and Irradiate to your library.
  3446 | D:4      | Noticed a phantom
  3454 | D:3      | Killed a phantom
  3455 | D:3      | Reached skill level 4 in Short Blades
  3455 | D:3      | Reached skill level 4 in Earth Magic
  3455 | D:3      | Reached XP level 6. HP: 35/35 MP: 3/9
  3858 | D:4      | Found a broken altar of Ashenzari.
  4000 | D:4      | Reached * piety under Dithmenos
  4454 | D:4      | You add the spells Alistair's Intoxication, Borgnjor's Vile
                  | Clutch and Eringya's Noxious Bog to your library.
  4525 | D:4      | Noticed an ogre
  4590 | D:4      | Killed an ogre
  4591 | D:4      | Reached XP level 7. HP: 40/40 MP: 7/10
  4817 | D:4      | Found a sacrificial altar of Ru.
  4919 | D:4      | Found a stormy altar of Qazlal.
  5025 | D:4      | Reached skill level 3 in Dodging
  5094 | D:4      | Found an opulent altar of Gozag.
  5112 | D:5      | Entered Level 5 of the Dungeon
  5148 | D:5      | HP: 10/40 [white imp/puff of frost (8)]
  5177 | D:5      | HP: 3/40 [ice beast (14)]
  5330 | D:5      | HP: 10/40 [ice beast (13)]
  5330 | D:5      | Slain by an ice beast

Vanquished Creatures
  3 ogres
  A phantom (D:3)
  An orc priest (D:3)
  An orc wizard (D:4)
  5 adders
  5 gnolls
  A white imp (D:5)
  2 ufetubi
  2 dart slugs
  8 orcs
  2 bats
  5 endoplasms
  6 giant cockroaches
  7 goblins
  7 hobgoblins
  3 jackals (D:2)
  10 kobolds
  4 quokkas
  6 ball pythons
  5 frilled lizards
  7 rats
91 creatures vanquished.

Vanquished Creatures (others)
  3 fungi (D:4)
3 creatures vanquished.

Grand Total: 94 creatures vanquished

Table legend:
 A = Non-vault XP
 B = Vault XP
 C = Vault XP percentage of total XP
 D = Non-vault monster count
 E = Vault monster count
 F = Vault count percentage of total count
                 A         B        C        D         E       F
            +---------+---------+-------+---------+---------+-------
      Total |     797 |      32 |   3.9 |      79 |      12 |  13.2
            +---------+---------+-------+---------+---------+-------
        D:1 |      26 |       4 |  13.3 |      14 |       3 |  17.6
        D:2 |      70 |       3 |   4.1 |      15 |       2 |  11.8
        D:3 |     216 |      25 |  10.4 |      28 |       7 |  20.0
        D:4 |     350 |       0 |   0.0 |      20 |       0 |   0.0
        D:5 |     135 |       0 |   0.0 |       2 |       0 |   0.0
            +---------+---------+-------+---------+---------+-------

Illustrated notes

Table legend:
 A = Kills in this place as a percentage of kills in entire the game.
 B = Kills by you in this place as a percentage of kills by you in the entire game.
 C = Kills by friends in this place as a percentage of kills by friends in the entire game.
 D = Other kills in this place as a percentage of other kills in the entire game.
 E = Experience gained in this place as a percentage of experience gained in the entire game.
 F = Experience gained in this place divided by the number of levels of this place that you have seen.
                   A       B       C       D       E      F
               +-------+-------+-------+-------+-------+----------------------
         Total | 100.0 | 100.0 |   N/A |   N/A | 100.0 | 165.8
       Dungeon | 100.0 | 100.0 |   N/A |   N/A | 100.0 | 165.8
               +-------+-------+-------+-------+-------+----------------------

Table legend: (Time is in decaauts)
 A = Elapsed time spent in this place.
 B = Non-inter-level travel time spent in this place.
 C = Inter-level travel time spent in this place.
 D = Time resting spent in this place.
 E = Time spent auto-exploring this place.
 F = Levels seen in this place.
 G = Mean time per level.
                   A        B        C        D        E       F      G
               +--------+--------+--------+--------+--------+-----+--------+
         Total |   5403 |   5208 |    195 |    428 |   4172 |   5 | 1080.6 |
       Dungeon |   5403 |   5208 |    195 |    428 |   4172 |   5 | 1080.6 |
               +--------+--------+--------+--------+--------+-----+--------+

Top non-repeatable levels by time:
     D:3: 1955 daAuts
     D:4: 1555 daAuts
     D:1: 1005 daAuts
     D:2: 792 daAuts
     D:5: 94 daAuts
